 Dungeon Crawl Stone Soup version 0.21.1-72-gffa868e (webtiles) character file.

613 Doobh the Bolt Thrower (level 7, -10/44 HPs)
             Began as a Kobold Hunter on Aug 5, 2018.
             Mangled by an ogre
             ... wielding a +0 giant spiked club
              (21 damage)
             ... on level 4 of the Dungeon.
             The game lasted 00:21:47 (4571 turns).

Doobh the Bolt Thrower (Kobold Hunter)              Turns: 4571, Time: 00:21:47

Health: -10/44     AC: 10    Str:  9 (10) XL:     7   Next: 72%
Magic:  7/7        EV: 12    Int:  9 (12) God:
Gold:   97         SH:  0    Dex: 15 (17) Spells: 6/6 levels left

rFire    . . .     SeeInvis .   b - +0 short sword
rCold    . . .     Gourm    .   (shield restricted)
rNeg     . . .     Faith    .   k - +4 scale mail
rPois    +         Spirit   .   (no helmet)
rElec    .         Reflect  .   (no cloak)
rCorr    .         Harm     .   (no gloves)
MR       .....                  (no boots)
Stlth    +.........             (no amulet)
HPRegen  0.14/turn              l - ring of poison resistance
MPRegen  0.10/turn              (no ring)

@: hasted, very quick
A: small, carnivore
a: no special abilities


You were on level 4 of the Dungeon.
You were not hungry.

You visited 1 branch of the dungeon, and saw 4 of its levels.

You collected 97 gold pieces.

Inventory:

Hand Weapons
 a - a +1 hand crossbow
 b - a +0 short sword (weapon)
Missiles
 d - 9 bolts
Armour
 k - a +4 scale mail (worn)
Jewellery
 l - a ring of poison resistance (left hand)
Wands
 c - a wand of iceblast (10)
 j - a wand of paralysis (20)
Scrolls
 g - a scroll of remove curse
 h - a scroll of fog {unknown}
 i - a scroll of blinking
 n - 5 scrolls of identify
 q - a scroll of immolation {unknown}
Potions
 e - a potion of ambrosia
 o - a potion of lignification {unknown}
Books
 m - a book of Misfortune

   Spells                             Type                      Level
   a - Confusing Touch                Hexes                        1
   b - Confuse                        Hexes                        3
   c - Gell's Gravitas                Translocation                3
   d - Petrify                        Transmutation/Earth          4
   e - Metabolic Englaciation         Hexes/Ice                    5
   f - Yara's Violent Unravelling     Hexes/Transmutation          5
Comestibles
 f - 13 rations


   Skills:
 * Level 4.8 Fighting
 + Level 1.4 Short Blades
 + Level 7.4 Crossbows
 + Level 1.6 Armour
 - Level 4.0 Dodging
 - Level 4.0 Stealth


You had 6 spell levels left.
You didn't know any spells.

Dungeon Overview and Level Annotations

Branches:
Dungeon (4/15)
 Temple: D:4-7

Altars:
Zin

Annotations:
D:3 Cerebulon's ghost, novice DrFE


Innate Abilities, Weirdness & Mutations

You are small and have problems with some larger weapons.
You are carnivorous and can eat meat at any time.


Message History

You hit the ogre but do no damage.
The ogre is severely wounded.
The ogre hits you with a giant spiked club!
* * * LOW HITPOINT WARNING * * *
You barely miss the ogre.
The ogre is severely wounded.
You hit the ogre.
The ogre is severely wounded.
The ogre barely misses you.
You hit the ogre.
The ogre is almost dead.
You barely miss the ogre.
The ogre is almost dead.
The ogre misses you.
You barely miss the ogre.
The ogre is almost dead.
You hit the ogre.
The ogre is almost dead.
The ogre hits you with a giant spiked club!!
You die...

................
#......#'###########
#......#...........#
#......#...........#
+......#.......)...###
#......#.............##
.......#...........#..#
.......#......#(#.#.#.#
.......'.......O@>....#
.......#.....##.#.#.###
.......#.....#.......#
#......#.....##.#.#.##
#......#.....#.......#
#......#.....##.#.#.##
#......########....##
#......#.....##....#
#......#.....'.....#


You could see an ogre.

Vanquished Creatures
  Sigmund (D:2)
  A centaur (D:4)
  A phantom (D:4)
  A howler monkey (D:4)
  A worker ant (D:4)
  A hound skeleton (D:4)
  7 gnolls (D:3)
  A worker ant zombie (D:4)
  4 adders
  An ooze (D:3)
  3 worms (D:2)
  3 dart slugs
  5 leopard geckos
  8 orcs (D:3)
  4 giant cockroaches
  5 goblins
  6 hobgoblins
  6 jackals (D:3)
  A quokka (D:4)
  A ball python (D:1)
  9 bats
  3 frilled lizards
  10 kobolds
  6 rats
89 creatures vanquished.

Notes
Turn   | Place    | Note
-------+----------+-------------------------------------------
     0 | D:1      | Doobh the Kobold Hunter began the quest for the Orb.
     0 | D:1      | Reached XP level 1. HP: 12/12 MP: 1/1
    70 | D:1      | Reached skill level 5 in Crossbows
    78 | D:1      | Reached XP level 2. HP: 17/17 MP: 2/2
   458 | D:2      | Reached XP level 3. HP: 22/22 MP: 3/3
   648 | D:2      | Found a glowing silver altar of Zin.
   887 | D:2      | Reached XP level 4. HP: 27/27 MP: 4/4
  1144 | D:2      | Noticed Sigmund
  1587 | D:2      | Killed Sigmund
  1587 | D:2      | Reached skill level 6 in Crossbows
  1587 | D:2      | Reached XP level 5. HP: 32/32 MP: 5/5
  1587 | D:2      | Reached XP level 6. HP: 37/37 MP: 6/6
  2631 | D:3      | Noticed Cerebulon's ghost (novice DrFE)
  3130 | D:3      | Reached skill level 1 in Armour
  4178 | D:4      | Reached XP level 7. HP: 43/43 MP: 7/7
  4188 | D:4      | Reached skill level 7 in Crossbows
  4216 | D:4      | Reached skill level 1 in Short Blades
  4571 | D:4      | Mangled by an ogre

Skill      XL: |  1  2  3  4  5  6  7 |
---------------+----------------------+-----
Crossbows      | 5 6 7 |  7.4
Stealth        | 2 3 4 |  4.0
Dodging        | 3 4 |  4.0
Fighting       | 3 4 |  4.8
Armour         | 1 |  1.6
Short Blades   | 1 |  1.4

Action                   |  1- 3 |  4- 6 |  7- 9 || total
-------------------------+-------+-------+-------++-------
Melee: Short sword       |    34 |    64 |    22 ||   120
 Fire: Hand crossbow     |    60 |   117 |    35 ||   212
  Use: Scroll            |     1 |     4 |       ||     5
       Potion            |       |     5 |     1 ||     6
  Eat: Chunk             |     5 |     6 |       ||    11
Armor: Scale mail        |    20 |    37 |     7 ||    64
       Leather armour    |     2 |       |       ||     2
Dodge: Dodged            |    26 |    56 |    13 ||    95
